 Dungeon Crawl Stone Soup version 0.17-a0-2220-g6fea741 (webtiles) character file.

43 4thArraOfDagon the Insei (level 3, -4/26 HPs)
             Began as a Draconian Enchanter on Oct 28, 2015.
             Slain by a centaur zombie (8 damage)
             ... on level 6 of the Dungeon.
             The game lasted 00:04:52 (714 turns).

4thArraOfDagon the Insei (Draconian Enchanter)       Turns: 714, Time: 00:04:53

Health: -4/26      AC:  5    Str: 10    XL:     3   Next: 37%
Magic:  6/6        EV: 12    Int: 16    God:
Gold:   97         SH:  0    Dex: 11    Spells: 2 memorised, 3 levels left

rFire  . . .     SeeInvis .       - Unarmed
rCold  . . .     Clarity  .     (armour unavailable)
rNeg   . . .     SustAt   .     (no shield)
rPois  .         Gourm    .     (helmet restricted)
rElec  .         Spirit   .     (no cloak)
rCorr  .         Warding  .     (no gloves)
rMut   .         Stasis   .     (no boots)
MR     .....                    (no amulet)
Stlth  ++........               (no ring)
                                (no ring)

@: not resistant to hostile enchantments, unstealthy
A: unfitting armour, cold-blooded, AC +5
a: no special abilities


You were on level 6 of the Dungeon.
You were not hungry.

You visited 1 branch of the dungeon, and saw 6 of its levels.

You collected 97 gold pieces.

Inventory:

Hand Weapons
 a - a +2 dagger
 f - a +3 whip of distortion
Scrolls
 g - 3 scrolls of identify
Books
 b - a book of Maledictions

   Spells                             Type                      Level
   a - Corona                         Hexes                        1
   b - Ensorcelled Hibernation        Hexes/Ice                    2
   c - Confuse                        Hexes                        3
   d - Tukima's Dance                 Hexes                        3
   e - Dazzling Spray                 Conjuration/Hexes            3
Comestibles
 c - 2 bread rations


   Skills:
 - Level 1.0 Short Blades
 - Level 1.7 Dodging
 - Level 2.6 Stealth
 * Level 3.1 Unarmed Combat
 - Level 2.0 Spellcasting
 - Level 2.6 Hexes


You had 3 spell levels left.
You knew the following spells:

 Your Spells              Type           Power        Failure   Level  Hunger
a - Corona                Hex            ##.....      10%         1    #......
b - Ensorcelled Hibernat  Hex/Ice        #.....       21%         2    ###....


Dungeon Overview and Level Annotations

Branches:
Dungeon (6/15)
 Temple: D:4-7

Altars:
Ashenzari
Trog

Annotations:
D:3 Stick's ghost, amateur OpAs
D:4 HaroldButt's ghost, novice DrTm


Innate Abilities, Weirdness & Mutations

Your plain brown scales are hard (AC +5).
Your body does not fit into most forms of armour.
You are cold-blooded and may be slowed by cold attacks.


Message History

A centaur zombie comes into view.
Wield which item (- for none, * to show all)? (? for menu, Esc to quit)
a - a +2 dagger (weapon)
Unknown command.
Unknown command.
Unknown command.
Wield which item (- for none, * to show all)? (? for menu, Esc to quit)
You are now empty-handed.
You strike the helpless centaur zombie from a blind spot!
You hit the centaur zombie.
You tail-slap the centaur zombie, but do no damage.
The centaur zombie hits you but does no damage.
You hit the centaur zombie. The centaur zombie hits you.
You barely miss the centaur zombie. You tail-slap the centaur zombie.
The centaur zombie hits you.
* * * LOW HITPOINT WARNING * * *
The centaur zombie barely misses you.
You hit the centaur zombie but do no damage.
The centaur zombie hits you!
You die...

.... # ..#.# .#
.....########.#
.............#
.........@#
#.....Z.#
#####.......#
####...........#
#........#.#####
#......††#.#
#........#..
####.######## #.


You could see a centaur zombie.

Vanquished Creatures
  A worker ant zombie (D:6)
  3 orcs (D:3)
  3 bats
  2 hobgoblins (D:2)
  7 jackals
  6 kobolds
  A quokka (D:3)
  A giant cockroach (D:3)
  A giant newt (D:3)
  4 rats
29 creatures vanquished.

Notes
Turn   | Place    | Note
--------------------------------------------------------------
     0 | D:1      | 4thArraOfDagon the Draconian Enchanter began the quest for the Orb.
     0 | D:1      | Reached XP level 1. HP: 14/14 MP: 3/3
    88 | D:2      | Reached skill level 1 in Unarmed Combat
   114 | D:2      | Found a faded altar to an unknown god.
   174 | D:2      | Reached XP level 2. HP: 17/20 MP: 5/5
   186 | D:2      | Found a bloodstained altar of Trog.
   295 | D:3      | HP: 1/20 [orc (3)]
   335 | D:3      | Found a shattered altar of Ashenzari.
   357 | D:3      | Noticed Stick's ghost (amateur OpAs)
   419 | D:4      | Noticed HaroldButt's ghost (novice DrTm)
   489 | D:4      | Noticed a scorpion
   507 | D:4      | Learned a level 2 spell: Ensorcelled Hibernation
   521 | D:5      | Entered Level 5 of the Dungeon
   523 | D:5      | Noticed a centaur
   552 | D:5      | Noticed a sky beast
   570 | D:5      | RIP
   588 | D:5      | Noticed a centaur
   594 | D:5      | You fall through a shaft!
   594 | D:6      | Noticed a giant frog
   602 | D:6      | Reached XP level 3. HP: 14/26 MP: 6/6
   626 | D:6      | Reached skill level 3 in Unarmed Combat
   714 | D:6      | Slain by a centaur zombie

Vault maps used:
D:1:      dpeg_arrival_oval, kennysheep_crisscross
D:2:      bloody_trog, first_bread, ecumenical_altar_2,
          minmay_misc_feat_pillars, uniq_terence, uniq_crazy_yiuf_cottage
D:3:      lemuel_round_altar, overflow_temple_1_default
D:4:      marbit_many_paths, hex_tiny
D:5:      slow_altar_2, basic_altar, uniq_sigmund
D:6:      corexii_shack_village, vehumet_statue

Action                   || total
-------------------------++-------
Melee: Dagger            ||   100
       Unarmed           ||     4
 Cast: Corona            ||     2
       Ensorcelled Hiber ||     2
  Use: Scroll            ||     6
       Potion            ||     6
 Stab: Sleeping          ||     2
       Distracted        ||     1
